 Dungeon Crawl Stone Soup version 0.28.0-47-ge53b351184 (webtiles) character file.

Game seed: 15239919893576045488

154 styxcanada the Covered (level 5, -1/46 (47) HPs)
             Began as a Minotaur Fighter on Apr 30, 2022.
             Slain by a gnoll sergeant
             ... wielding a +1 vampiric trident
              (8 damage)
             ... on level 5 of the Dungeon.
             The game lasted 00:08:05 (3292 turns).

styxcanada the Covered (Minotaur Fighter)           Turns: 3292, Time: 00:08:05

HP:   -1/46 (47)    AC:  9    Str: 23    XL:     5   Next: 13%
MP:   4/4           EV:  7    Int:  5    God:
Gold: 185           SH:  4    Dex:  9    Spells: 4/4 levels left

rFire   . . .      SeeInvis .   a - +0 war axe
rCold   + . .      Faith    .   c - +0 buckler
rNeg    . . .      Spirit   .   u - +0 chain mail
rPois   .          Reflect  .   (helmet restricted)
rElec   .          Harm     .   (no cloak)
rCorr   .          Rampage  .   (no gloves)
Will    .....                   (no boots)
Stlth   ..........              (no amulet)
HPRegen 0.15/turn               q - ring of protection from cold
MPRegen 0.09/turn               t - +4 ring of slaying

@: lightly drained
A: horns 2, retaliatory headbutt
a: no special abilities


You were on level 5 of the Dungeon.
You visited 1 branch of the dungeon, and saw 5 of its levels.

You collected 185 gold pieces.

Inventory:

Hand Weapons
 a - a +0 war axe (weapon)
 l - a +3 short sword of flaming
Missiles
 g - 97 stones (quivered)
Armour
 c - a +0 buckler (worn)
 u - a +0 chain mail (worn)
Jewellery
 q - a ring of protection from cold (left hand)
 t - a +4 ring of slaying (right hand)
Wands
 b - a wand of iceblast (10)
 r - a wand of acid (7)
Scrolls
 f - 2 scrolls of teleportation {unknown}
 h - a scroll of identify {unknown}
 j - a scroll of blinking {unknown}
 m - a scroll of vulnerability {unknown}
 n - a scroll of magic mapping {unknown}
 s - a scroll of amnesia {unknown}
 v - a scroll of fear {unknown}
 w - a scroll of fog {unknown}
 x - a scroll of enchant weapon {unknown}
Potions
 d - a potion of might
 e - a potion of magic {unknown}
 i - 2 potions of curing
 k - a potion of cancellation {unknown}
 o - 2 potions of heal wounds {unknown}
 p - a potion of flight {unknown}


   Skills:
 * Level 4.8 Fighting
 + Level 3.7 Axes
 * Level 5.0 Armour
 + Level 0.3 Dodging
 + Level 4.2 Shields
 * Level 0.4 Evocations


You had 4 spell levels left.
You didn't know any spells.
Your spell library contained the following spells:

 Spells                   Type           Power      Damage    Failure   Level
 Shock                    Conj/Air       0%         1d3       99%         1
 Ensorcelled Hibernation  Hex/Ice        0%         N/A       100%        2
 Passwall                 Tmut/Erth      0%         N/A       100%        2
 Ozocubu's Armour         Ice            0%         N/A       100%        3
 Swiftness                Air            0%         N/A       100%        3
 Airstrike                Air            0%         N/A       100%        4
 Ozocubu's Refrigeration  Ice            0%         4d5       100%        7


Dungeon Overview and Level Annotations

Branches:
Dungeon (5/15)
 Temple: D:4-7

Altars:
Kikubaaqudgha


Innate Abilities, Weirdness & Mutations

You have a pair of horns on your head.
You reflexively headbutt those who attack you in melee.


Message History

The gnoll hits you with a +0 halberd!
The gnoll sergeant hits you with a +1 vampiric trident.
* * * LOW HITPOINT WARNING * * *
The gnoll sergeant draws strength from your wounds!
The gnoll completely misses you. The gnoll barely misses you.
You furiously retaliate!
You headbutt the gnoll.
The gnoll sergeant hits you from afar with a +1 vampiric trident.
* * * LOW HITPOINT WARNING * * *
The gnoll sergeant draws strength from your wounds!
Things that are here:
a +0 whip; a gnoll corpse The gnoll closely misses you.
You furiously retaliate!
You headbutt the gnoll. You open the door. The gnoll hits you with a +0 flail.
* * * LOW HITPOINT WARNING * * *
Found a scroll labelled CUAFRA MOGOILL.
There is an open door here.
You slash the gnoll!
You kill the gnoll!
An orc comes into view. It is wielding a +0 dagger.
The orc shouts!
The orc moves out of view.
You slash the orc!
You kill the orc!
The necrophage hits you but does no damage.
It was a potion of curing.
You feel better.
The necrophage hits you but does no damage.
You hit the necrophage.
The necrophage is lightly damaged.
The gnoll sergeant barely misses you. The necrophage barely misses you.
You closely miss the necrophage. Your headbutt misses the necrophage.
The necrophage is lightly damaged.
The gnoll sergeant closely misses you. The gnoll barely misses you.
The necrophage hits you.
* * * LOW HITPOINT WARNING * * *
You feel drained.
* * * LOW HITPOINT WARNING * * *
The gnoll hits you from afar with a +0 halberd.
* * * LOW HITPOINT WARNING * * *
The gnoll sergeant hits you from afar with a +1 vampiric trident!
You die...

........#..+ ........+..#
.......#..# ......#..# #
#...##..#
#.###...##..###+##+##
#.......)...........?
#...@ng.............. $..
#..##.g.###+######'## ...
#. ##+#### #..n)g.. .... #
#.....# #..g.... ....$
+.....# #.g.....
.....####.....#####.......
...........)..............
.........###'#............
.........+...#.....#######


You could see a necrophage, a gnoll sergeant and a gnoll.

Vanquished Creatures
  Ijyb (D:4)
  A centaur skeleton (D:4)
  3 gnolls
  An adder (D:4)
  2 worms
  A dart slug (D:1)
  An orc (D:5)
  7 ball pythons
  2 bats (D:1)
  An endoplasm (D:4)
  A giant cockroach (D:1)
  11 goblins
  3 hobgoblins
  10 kobolds
  2 quokkas (D:1)
  2 frilled lizards (D:3)
  2 rats (D:3)
51 creatures vanquished.

Notes
Turn   | Place    | Note
-------+----------+-------------------------------------------
     0 | D:1      | styxcanada the Minotaur Fighter began the quest for the
                  | Orb.
     0 | D:1      | Reached XP level 1. HP: 19/19 MP: 0/0
   134 | D:1      | Found a faded altar of an unknown god.
   290 | D:1      | Reached skill level 4 in Armour
   290 | D:1      | Reached XP level 2. HP: 25/27 MP: 1/1
   611 | D:1      | Reached XP level 3. HP: 27/34 MP: 2/2
  2542 | D:4      | Reached XP level 4. HP: 41/41 MP: 3/3
  2626 | D:4      | Found an ancient bone altar of Kikubaaqudgha.
  2689 | D:4      | Noticed Ijyb
  2703 | D:4      | Killed Ijyb
  2851 | D:4      | Reached skill level 5 in Armour
  3157 | D:5      | Entered Level 5 of the Dungeon
  3178 | D:5      | Reached XP level 5. HP: 37/47 MP: 4/4
  3253 | D:5      | Noticed a necrophage
  3292 | D:5      | Slain by a gnoll sergeant

Illustrated notes

Levels and vault maps discovered:
D:1:      dpeg_arrival_line_fractal, layout_loops_corners,
          chequers_ecumenical_altar_simple_redux, minmay_pentomino_z2
D:2:      layout_basic, minivault_19
D:3:      layout_rooms
D:4:      layout_rooms, nicolae_kikubaaqudgha_miasma_corner,
          serial_corexii_hall, chequers_hall_statues_wall_a,
          chequers_hall_statues_y, grunt_decor_arrowhead, minivault_27,
          uniq_ijyb
D:5:      layout_gridville, minmay_temple_entry_slanted, uniq_sigmund

Skill      XL: |  1  2  3  4 |
---------------+-------------+-----
Armour         | 4 5 |  5.0
Fighting       | 4 |  4.8
Axes           | 3 |  3.7
Shields        | 4 |  4.2
Dodging        | |  0.3
Evocations     | |  0.4

Action                   |  1- 3 |  4- 6 || total
-------------------------+-------+-------++-------
Melee: War axe           |    90 |    28 ||   118
       Headbutt          |    11 |     1 ||    12
  Use: Potion            |       |     1 ||     1
Armor: Scale mail        |    39 |       ||    39
       Chain mail        |       |    12 ||    12
Dodge: Dodged            |    34 |    18 ||    52
Block: Buckler           |    17 |     6 ||    23
